 Dungeon Crawl Stone Soup version 0.31-a0-845-g9abc20d24f (webtiles) character file.

Game seed: 8066630844119647309

3217 Aneyh the Fighter (level 9, 0/68 HPs)
             Began as a Tengu Monk on Oct 2, 2023.
             Slain by a yak (3 damage)
             ... on level 8 of the Dungeon.
             The game lasted 00:10:15 (5610 turns).

Aneyh the Fighter (Tengu Monk)                      Turns: 5610, Time: 00:10:16

Health: 0/68       AC:  3    Str: 15    XL:     9   Next: 97%
Magic:  0/10       EV: 18    Int: 10    God:
Gold:   399        SH:  0    Dex: 24    Spells: 8/8 levels left

rFire   + . .        b - +3 quarterstaff (spect)
rCold   . . .        (shield currently unavailable)
rNeg    . . .        g - +0 robe
rPois   .            (helmet restricted)
rElec   .            J - +0 cloak
rCorr   .            (no gloves)
SInv    .            (boots unavailable)
Will    .....        E - amulet of guardian spirit
Stlth   ++           y - ring of protection from fire
HPRegen 0.31/turn    c - +6 ring of dexterity
MPRegen 0.12/turn

%: acrobat, guardian spirit
@: flying
A: beak, talons 3, evasive flight, acrobatic
a: no special abilities


You were on level 8 of the Dungeon.
You visited 2 branches of the dungeon, and saw 9 of its levels.

You collected 399 gold pieces.

Inventory:

Hand Weapons
 a - a +0 sling
 b - a +3 spectral quarterstaff (weapon)
 j - a +1 short sword of venom
 r - a +0 quarterstaff
 K - a +0 trident
 L - a +0 battleaxe
 N - a +0 halberd
Missiles
 p - 6 poisoned darts
Armour
 g - a +0 robe (worn)
 J - a +0 cloak (worn)
Jewellery
 c - a +6 ring of dexterity (right hand)
 y - a ring of protection from fire (left hand)
 z - an amulet of faith
 A - a ring of protection from cold
 E - an amulet of guardian spirit (around neck)
Wands
 C - a wand of flame (19)
Scrolls
 d - a scroll of summoning {unknown}
 h - 3 scrolls of teleportation {unknown}
 i - 3 scrolls of torment {unknown}
 k - 5 scrolls of fear {unknown}
 o - a scroll of blinking {unknown}
 t - a scroll of noise {unknown}
 u - a scroll of silence {unknown}
 x - a scroll of poison
 B - a scroll of vulnerability {unknown}
 G - 2 scrolls of fog
 H - a scroll of acquirement {unknown}
Potions
 e - 4 potions of brilliance
 f - a potion of haste {unknown}
 l - 4 potions of enlightenment
 m - 2 potions of attraction {unknown}
 n - 2 potions of resistance
 s - 2 potions of invisibility {unknown}
 v - a potion of heal wounds {unknown}
 w - 5 potions of curing {unknown}
 D - a potion of mutation {unknown}
 F - a potion of might {unknown}


   Skills:
 + Level 13.8 Fighting
 - Level 3.2 Polearms
 - Level 3.2 Dodging


You had 8 spell levels left.
You didn't know any spells.
Your spell library contained the following spells:

 Spells                   Type           Power      Damage    Failure   Level
 Lesser Beckoning         Tloc           0%         N/A       50%         2
 Gell's Gravitas          Tloc           0%         N/A       75%         3
 Ozocubu's Armour         Ice            0%         N/A       75%         3
 Teleport Other           Tloc           0%         N/A       75%         3
 Volatile Blastmotes      Fire/Tloc      0%         2d10      75%         3
 Fulminant Prism          Conj/Hex       0%         3d5       98%         4
 Iskenderun's Mystic Bla  Conj/Tloc      0%         2d3       98%         4
 Metabolic Englaciation   Hex/Ice        0%         N/A       100%        5
 Simulacrum               Ice/Necr       0%         N/A       100%        6


Dungeon Overview and Level Annotations

Branches:
Dungeon (8/15)             Temple (1/1) D:5
   Lair: D:8-11

Altars:
Ashenzari
Cheibriados
Dithmenos
Elyvilon
Fedhas
Gozag
Kikubaaqudgha
Makhleb
Nemelex Xobeh
Okawaru
Qazlal
Ru
Sif Muna
Trog
Uskayaw
Vehumet
Xom
Yredelemnul
Zin
The Shining One

Shops:
D:4 *   D:5 *[(

Annotations:
D:4 1 runed translucent door, Kurtz's ghost, novice OpFi


Innate Abilities, Weirdness & Mutations

You have a beak for a mouth.
You have claws for feet.
Your magical flight helps you evade attacks. (EV +4)
You can magically evade attacks while moving or waiting.


Message History

The yak completely misses your +3 spectral quarterstaff.
The yak barely misses you.
You hit the yak. You claw the yak.
The yak is severely wounded.
Your +3 spectral quarterstaff barely misses the yak.
The yak gores you! The yak barely misses you.
You thump the yak!
You kill the yak!
Your +3 spectral quarterstaff disappears.
The yak gores you!
You hit the yak. You claw the yak. You peck the yak, but do no damage.
The yak is lightly wounded.
Your +3 spectral quarterstaff hits the yak!
The yak misses you. x2
You sock the yak! You peck the yak, but do no damage.
The yak is severely wounded.
Your +3 spectral quarterstaff hits the yak but does no damage.
The yak snorts and paws the ground.
The yak gores you but does no damage. The yak barely misses you.
The yak gores you but does no damage. The yak closely misses you.
You hit the yak. You claw the yak!
The yak is almost dead.
Your +3 spectral quarterstaff barely misses the yak.
The yak gores you! x2
* * * LOW HITPOINT WARNING * * *
You hit the yak.
You kill the yak!
Your +3 spectral quarterstaff disappears.
The yak barely misses you.
You sock the yak! Your peck misses the yak.
The yak is lightly wounded.
Your +3 spectral quarterstaff hits the yak but does no damage.
The yak gores you!
* * * LOW HITPOINT WARNING * * *
Okay, then.
You sock the yak! You claw the yak, but do no damage.
The yak is heavily wounded.
Your +3 spectral quarterstaff hits the yak.
The yak gores you.
You die...

#.......# #.# ##.######
#.# #.# #.# ##'## #.#
#...## #># .....## ##.#
......######..#####
.....!.##.....))..######
.......'......))@(......
.......##.#...###Y######
......###>##..# .#
.....## #.##.## .#
#...## #.##.# .# ##+##
#.##.# .# #.# #..... .#
#y# ## ## #.#


You could see a yak and a friendly +3 spectral quarterstaff.

Vanquished Creatures
  5 yaks (D:8)
  A water moccasin (D:6)
  An orc warrior (D:5)
  2 sky beasts (D:6)
  2 ice beasts
  A centaur (D:5)
  2 ogres
  3 bullfrogs
  4 necrophages (D:6)
  2 scorpions
  A wyvern zombie (D:6)
  A wight (D:6)
  2 killer bees (D:8)
  2 water moccasin zombies (D:6)
  3 hounds
  A gnoll bouda (D:6)
  A sleepcap (D:4)
  6 orc priests
  A human zombie (D:6)
  A jelly (D:4)
  3 iguanas
  4 orc wizards
  A killer bee zombie (D:6)
  A mummy (D:6)
  A howler monkey zombie (D:6)
  8 gnolls
  5 adders
  A worm (D:2)
  A dart slug (D:4)
  13 orcs
  7 ball pythons
  7 endoplasms
  8 goblins
  3 hobgoblins (D:1)
  4 jackals (D:2)
  8 kobolds
  4 quokkas
  6 bats
  3 frilled lizards
  3 rats (D:1)
133 creatures vanquished.

Vanquished Creatures (others)
  An orc wizard (D:4)
1 creature vanquished.

Grand Total: 134 creatures vanquished

Notes
Turn   | Place    | Note
-------+----------+-------------------------------------------
     0 | D:1      | Aneyh the Tengu Monk began the quest for the Orb.
     0 | D:1      | Reached XP level 1. HP: 14/14 MP: 2/2
    50 | D:1      | Reached XP level 2. HP: 9/19 MP: 3/3
   325 | D:1      | Reached skill level 4 in Fighting
   403 | D:1      | Reached XP level 3. HP: 16/24 MP: 4/4
  1276 | D:2      | Reached XP level 4. HP: 26/30 MP: 5/5
  1569 | D:3      | Found a sacrificial altar of Ru.
  1780 | D:3      | Found a radiant altar of Vehumet.
  2237 | D:4      | Reached skill level 5 in Fighting
  2239 | D:4      | Noticed a scorpion
  2382 | D:4      | Found Luav's General Store.
  2395 | D:4      | Reached XP level 5. HP: 30/36 MP: 6/6
  2423 | D:4      | Noticed an ogre
  2431 | D:4      | Killed an ogre
  2432 | D:4      | Reached skill level 6 in Fighting
  2432 | D:4      | Reached XP level 6. HP: 42/42 MP: 7/7
  2564 | D:4      | Reached skill level 7 in Fighting
  2893 | D:4      | Gained mutation: Your magical flight helps you evade
                  | attacks. (EV +4) [Tengu growth]
  2893 | D:4      | Reached XP level 7. HP: 44/48 MP: 5/8
  2973 | D:4      | Found a runed translucent door.
  2976 | D:4      | Noticed Kurtz's ghost (novice OpFi)
  3108 | D:4      | Reached skill level 8 in Fighting
  3130 | D:4      | Found an iron altar of Okawaru.
  3150 | D:4      | Found a white marble altar of Elyvilon.
  3198 | D:5      | Entered Level 5 of the Dungeon
  3212 | D:5      | Found a staircase to the Ecumenical Temple.
  3250 | Temple   | Entered the Ecumenical Temple
  3340 | D:5      | Found Wosorreqa's Weapon Shop.
  3463 | D:5      | Found Ukhigun's Antique Armour Shoppe.
  3559 | D:5      | Reached skill level 9 in Fighting
  3561 | D:5      | Reached XP level 8. HP: 25/56 MP: 4/9
  3703 | D:5      | Found Oquraq's General Store.
  4062 | D:6      | Reached skill level 10 in Fighting
  4458 | D:6      | Reached skill level 11 in Fighting
  4737 | D:6      | Reached XP level 9. HP: 64/64 MP: 10/10
  4972 | D:6      | Found a basalt altar of Yredelemnul.
  4990 | D:6      | Reached skill level 12 in Fighting
  5590 | D:8      | Reached skill level 13 in Fighting
  5609 | D:8      | HP: 3/68 [yak (12)]
  5610 | D:8      | Slain by a yak

Illustrated notes

Levels and vault maps discovered:
D:1:      zaba_arrival_water, layout_rooms
D:2:      layout_basic, minmay_misc_feat_square, hangedman_decor_peaks_small,
          minmay_domino_4
D:3:      layout_basic, vehumet_altar_wand_db, nicolae_ru_sacrificial_ziggurat
D:4:      layout_rooms, mainiacjoe_overflow_swirl, ebering_ghost_sewer_d,
          serial_shops, nicolae_diamond_shop, minmay_between
D:5:      layout_loops_cross, minmay_temple_entry_arrows, serial_shops,
          nicolae_shop_advertising_works [nicolae_subvault_shop_adworks], shop,
          nicolae_shop_window_shopping
D:6:      layout_loops_cross, lemuel_mausoleum_altar_yredelemnul
D:7:      layout_cave_pods, enter_bailey_5, minmay_statues_item,
          kennysheep_generic_room_12
D:8:      layout_loops_corners, nzn_hepliaklqana_mist_gate, lair_entry_dummy,
          uniq_maggie
Temple:   bh_familiar_temple

Skill      XL: |  1  2  3  4  5  6  7  8  9 |
---------------+----------------------------+-----
Fighting       | 4 5 6 7 9 11 13 | 13.8
Polearms       | |  3.2
Dodging        | |  3.2

Action                     |  1- 3 |  4- 6 |  7- 9 || total
---------------------------+-------+-------+-------++-------
  Melee: Spear             |    89 |       |       ||    89
         Kick              |    19 |    17 |    66 ||   102
         Peck              |    17 |    10 |    41 ||    68
         Quarterstaff      |    18 |    56 |   160 ||   234
         Punch             |     1 |       |       ||     1
   Fire: Sling             |       |    41 |    13 ||    54
    Use: Potion            |       |     1 |       ||     1
         Scroll            |       |       |     9 ||     9
   Stab: Sleeping          |     2 |       |     5 ||     7
 Armour: Robe              |    51 |    23 |    72 ||   146
  Dodge: Dodged            |   100 |    44 |   170 ||   314

Table legend: (Time is in decaauts)
 A = Elapsed time spent in this place.
 B = Non-inter-level travel time spent in this place.
 C = Inter-level travel time spent in this place.
 D = Time resting spent in this place.
 E = Time spent auto-exploring this place.
 F = Levels seen in this place.
 G = Mean time per level.
                   A        B        C        D        E       F      G
               +--------+--------+--------+--------+--------+-----+--------+
         Total |   5665 |   5499 |    166 |    732 |   3762 |   9 |  629.4 |
       Dungeon |   5663 |   5497 |    166 |    732 |   3762 |   8 |  707.9 |
        Temple |      1 |      1 |      0 |      0 |      0 |   1 |    1.0 |
               +--------+--------+--------+--------+--------+-----+--------+

Top non-repeatable levels by time:
     D:6: 1223 daAuts
     D:4: 945 daAuts
     D:5: 940 daAuts
     D:3: 898 daAuts
     D:2: 761 daAuts
     D:1: 618 daAuts
     D:8: 232 daAuts
     D:7: 43 daAuts
  Temple: 1 daAuts
